XFBL
LOS ANGELES DODGERS @ CHICAGO CUBS
08/19/1982
 
TOP OF THE 1ST
Los Angeles Dodgers batting - Pitching for Chicago Cubs : RHP Danny Darwin
Pitching: RHP Danny Darwin
Batting: RHB Billy Sample 0-0: Ball
1-0: Ball
2-0: Called Strike
2-1: Foul Ball, location: 2F
2-2: Ball
3-2: Base on Balls
Batting: RHB Carney Lansford 0-0: Called Strike
0-1: Ball
1-1: Ball
2-1: SINGLE (Line Drive, 7S, EV 91.3 MPH)
Billy Sample to second
Batting: RHB Jerry Keller 0-0: Ball
1-0: Ball
2-0: Ball
3-0: Base on Balls
Billy Sample to third
Carney Lansford to second
Batting: RHB Dick Davis 0-0: Called Strike
0-1: Fly out, F8 (Line Drive, 8RM, EV 94.4 MPH)
Batting: RHB Barry Evans 0-0: Swinging Strike
0-1: Foul Ball, location: 2F
0-2: Ball
1-2: Ball
2-2: Ball
3-2: Strikes out swinging
Batting: LHB Darren Daulton 0-0: Called Strike
0-1: Ball
1-1: SINGLE (Groundball, 6MS, EV 65.0 MPH) (infield hit)
Billy Sample scores
Carney Lansford to third
Jerry Keller to second
Batting: SHB Spike Owen 0-0: Called Strike
0-1: Swinging Strike
0-2: Ball
1-2: Ball
2-2: DOUBLE (Line Drive, 3D, EV 98.8 MPH)
Carney Lansford scores
Jerry Keller scores
Darren Daulton to third
Runner from 3rd tries for Home, SAFE, throw by RF to home
Batting: RHB Roberto Reyes 0-0: Ball
1-0: Ball
2-0: Called Strike
2-1: Fly out, F8 (Line Drive, 8LD, EV 105.0 MPH)
Top of the 1st over - 4 runs, 3 hits, 0 errors, 1 left on base; Los Angeles 4 - Chicago 0
BOTTOM OF THE 1ST
Chicago Cubs batting - Pitching for Los Angeles Dodgers : RHP Mike Scott
Pitching: RHP Mike Scott
Batting: RHB Gary Ward 0-0: Called Strike
0-1: Ball
1-1: Ball
2-1: Fly out, F8 (Flyball, 89XD, EV 85.0 MPH)
Batting: RHB Lonnie Smith 0-0: Called Strike
0-1: Ground out 6-3 (Groundball, 6, EV 101.9 MPH)
Batting: RHB Jim Rice 0-0: SOLO HOME RUN (Flyball, 7D, EV 113.1 MPH), Distance : 398 ft
Batting: SHB Roy Smalley 0-0: Ball
1-0: Foul Ball, location: 2F
1-1: Foul Ball, location: 2F
1-2: Fly out, F6 (Popup, 6, EV 57.5 MPH)
Bottom of the 1st over - 1 run, 1 hit, 0 errors, 0 left on base; Los Angeles 4 - Chicago 1
TOP OF THE 2ND
Los Angeles Dodgers batting - Pitching for Chicago Cubs : RHP Danny Darwin
Batting: RHB Mike Scott 0-0: Ball
1-0: Foul Ball, location: 2F
1-1: Called Strike
1-2: Foul Ball, location: 2F
1-2: Ball
2-2: Ball
3-2: Strikes out swinging
Batting: RHB Billy Sample 0-0: Ball
1-0: Called Strike
1-1: Ball
2-1: Swinging Strike
2-2: Foul Ball, location: 2F
2-2: Strikes out swinging
Batting: RHB Carney Lansford 0-0: Fly out, F8 (Flyball, 8RD, EV 86.9 MPH)
Top of the 2nd over - 0 runs, 0 hits, 0 errors, 0 left on base; Los Angeles 4 - Chicago 1
BOTTOM OF THE 2ND
Chicago Cubs batting - Pitching for Los Angeles Dodgers : RHP Mike Scott
Batting: LHB Gerald Perry 0-0: Called Strike
0-1: Swinging Strike
0-2: Foul Ball, location: 2F
0-2: Fly out, F7 (Line Drive, 78M, EV 109.4 MPH)
Batting: RHB Randy Ready 0-0: Called Strike
0-1: Ball
1-1: Ball
2-1: Ball
3-1: Fly out, F9 (Flyball, 9, EV 87.5 MPH)
Batting: RHB Marty Castillo 0-0: Foul Ball, location: 2F
0-1: Ball
1-1: Ground out 6-3 (Groundball, 6M, EV 91.9 MPH)
Bottom of the 2nd over - 0 runs, 0 hits, 0 errors, 0 left on base; Los Angeles 4 - Chicago 1
TOP OF THE 3RD
Los Angeles Dodgers batting - Pitching for Chicago Cubs : RHP Danny Darwin
Batting: RHB Jerry Keller 0-0: Ball
1-0: Ball
2-0: Ball
3-0: Base on Balls
Batting: RHB Dick Davis 0-0: Foul Ball, location: 2F
0-1: Called Strike
0-2: Ball
1-2: Strikes out swinging
Batting: RHB Barry Evans 0-0: Called Strike
0-1: Foul Ball, location: 2F
0-2: Ball
1-2: Ball
2-2: Reached on error, E5 (Groundball, 56, EV 90.6 MPH)
Jerry Keller to second
Batting: LHB Darren Daulton 0-0: Called Strike
0-1: Foul Ball, location: 2F
0-2: Ball
1-2: Ball
2-2: Foul Ball, location: 2F
2-2: Ball
3-2: Foul Ball, location: 2F
3-2: SINGLE (Line Drive, 9LM, EV 103.8 MPH)
Jerry Keller to third
Barry Evans to second
Runner from 3rd tries for Home, SAFE, throw by RF to home
Batting: SHB Spike Owen 0-0: Swinging Strike
0-1: Swinging Strike
0-2: Foul Ball, location: 2F
0-2: Ball
1-2: Ball
2-2: Ball
3-2: DOUBLE (Line Drive, 8LXD, EV 108.8 MPH)
Barry Evans scores
Darren Daulton to third
Runner from 3rd tries for Home, SAFE, no throw by CF
Pitching: LHP Abelino Pena
Batting: RHB Roberto Reyes 0-0: Called Strike
0-1: Foul Ball, location: 2F
0-2: Ground out 5-3 (Groundball, 5L, EV 85.6 MPH)
Batting: RHB Mike Scott 0-0: Called Strike
0-1: Foul Ball, location: 2F
0-2: Ball
1-2: Ball
2-2: Ball
3-2: Strikes out swinging
Top of the 3rd over - 3 runs, 2 hits, 1 error, 1 left on base; Los Angeles 7 - Chicago 1
BOTTOM OF THE 3RD
Chicago Cubs batting - Pitching for Los Angeles Dodgers : RHP Mike Scott
Batting: RHB Rick Cerone 0-0: Ball
1-0: Ball
2-0: Foul Ball, location: 2F
2-1: Fly out, F9 (Flyball, 89S, EV 92.5 MPH)
Batting: LHB Abelino Pena 0-0: Fly out, F8 (Flyball, 8LS, EV 85.6 MPH)
Batting: RHB Gary Ward 0-0: Called Strike
0-1: Ball
1-1: Ball
2-1: Ball
3-1: SINGLE (Line Drive, 56D, EV 96.3 MPH)
Batting: RHB Lonnie Smith 0-0: Called Strike
0-1: Called Strike
0-2: Foul Ball, location: 2F
0-2: DOUBLE (Line Drive, 9LM, EV 103.8 MPH)
Gary Ward to third
Runner from 3rd tries for Home, SAFE, throw by RF to trailing runner, SAFE at third!
Batting: RHB Jim Rice 0-0: SINGLE (Groundball, 34S, EV 88.1 MPH) (infield hit)
Lonnie Smith scores
Batting: SHB Roy Smalley 0-0: Ball
1-0: Ball
2-0: Ball
3-0: Base on Balls
Jim Rice to second
Batting: LHB Gerald Perry 0-0: Called Strike
0-1: Foul Ball, location: 2F
0-2: Ball
1-2: DOUBLE (Line Drive, 7LM, EV 101.3 MPH)
Jim Rice scores
Roy Smalley to third
Runner from 3rd tries for Home, throw by LF and OUT! 7-6-2
Bottom of the 3rd over - 3 runs, 4 hits, 0 errors, 1 left on base; Los Angeles 7 - Chicago 4
TOP OF THE 4TH
Los Angeles Dodgers batting - Pitching for Chicago Cubs : LHP Abelino Pena
Batting: RHB Billy Sample 0-0: Ball
1-0: Swinging Strike
1-1: Foul Ball, location: 2F
1-2: Fly out, F9 (Flyball, 89D, EV 105.0 MPH)
Batting: RHB Carney Lansford 0-0: DOUBLE (Line Drive, 3D, EV 101.9 MPH)
Batting: RHB Jerry Keller 0-0: Called Strike
0-1: Foul Ball, location: 2F
0-2: Strikes out swinging
Batting: RHB Dick Davis 0-0: Ball
1-0: Called Strike
1-1: Swinging Strike
1-2: 2-RUN HOME RUN (Line Drive, 9LD, EV 98.1 MPH), Distance : 411 ft
Batting: RHB Barry Evans 0-0: Called Strike
0-1: Called Strike
0-2: Ball
1-2: Strikes out swinging
Top of the 4th over - 2 runs, 2 hits, 0 errors, 0 left on base; Los Angeles 9 - Chicago 4
BOTTOM OF THE 4TH
Chicago Cubs batting - Pitching for Los Angeles Dodgers : RHP Mike Scott
Batting: RHB Randy Ready 0-0: Called Strike
0-1: Foul Ball, location: 2F
0-2: Fly out, F6 (Line Drive, 6, EV 68.8 MPH)
Batting: RHB Marty Castillo 0-0: Foul Ball, location: 2F
0-1: Called Strike
0-2: Ball
1-2: Ball
2-2: Fly out, F8 (Flyball, 8RXD, EV 98.1 MPH)
Batting: RHB Rick Cerone 0-0: Ball
1-0: Called Strike
1-1: Swinging Strike
1-2: Ball
2-2: Strikes out swinging
Bottom of the 4th over - 0 runs, 0 hits, 0 errors, 0 left on base; Los Angeles 9 - Chicago 4
TOP OF THE 5TH
Los Angeles Dodgers batting - Pitching for Chicago Cubs : LHP Abelino Pena
Batting: LHB Darren Daulton 0-0: Ball
1-0: Called Strike
1-1: Ball
2-1: Fly out, F7 (Flyball, 7, EV 72.5 MPH)
Batting: SHB Spike Owen 0-0: Ball
1-0: Foul Ball, location: 2F
1-1: Fly out, F7 (Flyball, 7D, EV 95.6 MPH)
Batting: RHB Roberto Reyes 0-0: Ball
1-0: Called Strike
1-1: Swinging Strike
1-2: Ball
2-2: Ground out 4-3 (Groundball, 4M, EV 82.5 MPH)
Top of the 5th over - 0 runs, 0 hits, 0 errors, 0 left on base; Los Angeles 9 - Chicago 4
BOTTOM OF THE 5TH
Chicago Cubs batting - Pitching for Los Angeles Dodgers : RHP Mike Scott
Batting: LHB Abelino Pena 0-0: Called Strike
0-1: Foul Ball, location: 2F
0-2: Strikes out swinging
Batting: RHB Gary Ward 0-0: SINGLE (Groundball, 6D, EV 103.1 MPH)
Batting: RHB Lonnie Smith 0-0: Ball
1-0: Called Strike
1-1: Called Strike
1-2: Ball
2-2: Ball
3-2: Foul Ball, location: 2F
3-2: Foul Ball, location: 2F
3-2: Base on Balls
Gary Ward to second
Batting: RHB Jim Rice 0-0: Foul Ball, location: 2F
0-1: Foul Ball, location: 2F
0-2: Ball
1-2: Ball
2-2: Strikes out looking
Batting: SHB Roy Smalley 0-0: Ball
1-0: Foul Ball, location: 2F
1-1: Ground out 4-3 (Groundball, 4, EV 76.9 MPH)
Bottom of the 5th over - 0 runs, 1 hit, 0 errors, 2 left on base; Los Angeles 9 - Chicago 4
TOP OF THE 6TH
Los Angeles Dodgers batting - Pitching for Chicago Cubs : LHP Abelino Pena
Batting: RHB Mike Scott 0-0: Called Strike
0-1: Ball
1-1: Ground out U3 (Groundball, 3, EV 86.9 MPH)
Batting: RHB Billy Sample 0-0: SINGLE (Groundball, 25, EV 65.6 MPH) (infield hit)
Batting: RHB Carney Lansford 0-0: Ball
1-0: Ball
2-0: SINGLE (Groundball, 34D, EV 100.0 MPH)
Billy Sample to second
Runner from 2nd tries for 3rd, SAFE, throw by RF made to third
Batting: RHB Jerry Keller 0-0: Foul Ball, location: 2F
0-1: Foul Ball, location: 2F
0-2: Ball
1-2: Foul Ball, location: 2F
1-2: Ball
2-2: SINGLE (Line Drive, 89S, EV 104.4 MPH)
Billy Sample scores
Carney Lansford to second
Pitching: RHP Shikato Ueda
Batting: RHB Dick Davis 0-0: Called Strike
Jerry Keller is caught stealing 2nd base 2-4
Carney Lansford steals 3rd base
0-1: Foul Ball, location: 2F
0-2: Foul Ball, location: 2F
0-2: Foul Ball, location: 2F
0-2: Ball
1-2: Ball
2-2: Strikes out looking
Top of the 6th over - 1 run, 3 hits, 0 errors, 1 left on base; Los Angeles 10 - Chicago 4
BOTTOM OF THE 6TH
Chicago Cubs batting - Pitching for Los Angeles Dodgers : RHP Mike Scott
Batting: LHB Gerald Perry 0-0: Called Strike
0-1: Reached on error, E5 (Groundball, 56, EV 100.0 MPH)
Batting: RHB Randy Ready 0-0: Ball
Gerald Perry is caught stealing 3rd base 2-5
1-0: Ball
2-0: Ball
3-0: Foul Ball, location: 2F
3-1: SINGLE (Flyball, 8RS, EV 91.9 MPH)
Batting: RHB Marty Castillo 0-0: Foul Ball, location: 2F
0-1: Ball
Wild Pitch!
Randy Ready to second
1-1: Reached on error, E6 (Groundball, 6, EV 82.5 MPH)
Randy Ready to third
Batting: RHB Rick Cerone 0-0: Called Strike
0-1: Ball
1-1: Ball
2-1: Foul Ball, location: 2F
2-2: 3-RUN HOME RUN (Line Drive, 7D, EV 106.3 MPH), Distance : 388 ft
Batting: RHB Shikato Ueda 0-0: Ball
1-0: Ground out 4-3 (Groundball, 4, EV 92.5 MPH)
Batting: RHB Gary Ward 0-0: Ball
1-0: Foul Ball, location: 2F
1-1: Foul Ball, location: 2F
1-2: Fly out, F9 (Flyball, 89D, EV 100.0 MPH)
Bottom of the 6th over - 3 runs, 2 hits, 2 errors, 0 left on base; Los Angeles 10 - Chicago 7
TOP OF THE 7TH
Los Angeles Dodgers batting - Pitching for Chicago Cubs : RHP Shikato Ueda
Batting: RHB Barry Evans 0-0: Called Strike
0-1: Ball
1-1: Foul Ball, location: 2F
1-2: Strikes out swinging
Batting: LHB Darren Daulton 0-0: Foul Ball, location: 2F
0-1: Hit by Pitch
Batting: SHB Spike Owen 0-0: Called Strike
0-1: Ball
1-1: Ball
2-1: Ball
3-1: Foul Ball, location: 2F
3-2: Strikes out swinging
Batting: RHB Roberto Reyes 0-0: Ball
1-0: Called Strike
1-1: Ball
2-1: Ball
3-1: Called Strike
3-2: DOUBLE (Line Drive, 89D, EV 102.5 MPH)
Darren Daulton to third
Darren Daulton scores
Pinch Hitting: SHB Chris W Smith 0-0: Called Strike
0-1: Ball
1-1: SINGLE (Flyball, 6D, EV 88.1 MPH)
Roberto Reyes to third
Runner from 3rd tries for Home, throw by CF and OUT! 8-2
Top of the 7th over - 1 run, 2 hits, 0 errors, 1 left on base; Los Angeles 11 - Chicago 7
BOTTOM OF THE 7TH
Chicago Cubs batting - Pitching for Los Angeles Dodgers : RHP Mike Scott
Pitching: RHP David Garcia
Batting: RHB Lonnie Smith 0-0: Foul Ball, location: 2F
0-1: Foul Ball, location: 2F
0-2: Hit by Pitch
Batting: RHB Jim Rice 0-0: Ball
Lonnie Smith steals 2nd base
1-0: Ball
2-0: Ground out 6-3 (Groundball, 6M, EV 91.3 MPH)
Lonnie Smith to third
Batting: SHB Roy Smalley 0-0: Ball
1-0: Fly out, F9 (Flyball, 9LD, EV 91.9 MPH)
Runner from 3rd tags up, SCORES, no throw by RF
Batting: LHB Gerald Perry 0-0: Ball
1-0: Ball
2-0: Foul Ball, location: 2F
2-1: Called Strike
2-2: Foul Ball, location: 2F
2-2: Foul Ball, location: 2F
2-2: Strikes out swinging
Bottom of the 7th over - 1 run, 0 hits, 0 errors, 0 left on base; Los Angeles 11 - Chicago 8
TOP OF THE 8TH
Los Angeles Dodgers batting - Pitching for Chicago Cubs : RHP Shikato Ueda
Batting: RHB Billy Sample 0-0: Ball
1-0: Foul Ball, location: 2F
1-1: Foul Ball, location: 2F
1-2: Ball
2-2: Ball
3-2: Ground out 5-3 (Groundball, 5, EV 98.1 MPH)
Batting: RHB Carney Lansford 0-0: Ball
1-0: Ball
2-0: Fly out, F8 (Flyball, 8LD, EV 90.0 MPH)
Batting: RHB Jerry Keller 0-0: Ball
1-0: Ball
2-0: Swinging Strike
2-1: Foul Ball, location: 2F
2-2: Strikes out swinging
Top of the 8th over - 0 runs, 0 hits, 0 errors, 0 left on base; Los Angeles 11 - Chicago 8
BOTTOM OF THE 8TH
Chicago Cubs batting - Pitching for Los Angeles Dodgers : RHP David Garcia
Batting: RHB Randy Ready 0-0: Ball
1-0: Called Strike
1-1: Ball
2-1: Ball
3-1: Bunt missed!
3-2: Foul Ball, location: 2F
3-2: Base on Balls
Batting: RHB Marty Castillo 0-0: Ball
1-0: Ball
2-0: Ball
3-0: Foul Ball, location: 2F
3-1: Base on Balls
Randy Ready to second
Batting: RHB Rick Cerone 0-0: Ball
1-0: Ground out 6-3 (Groundball, 6MS, EV 75.6 MPH)
Randy Ready to third
Marty Castillo to second
Pinch Hitting: LHB Dave Bergman 0-0: Ball
1-0: Foul Ball, location: 2F
1-1: Called Strike
1-2: Strikes out swinging
Batting: RHB Gary Ward 0-0: Swinging Strike
0-1: Foul Ball, location: 2F
0-2: Strikes out looking
Bottom of the 8th over - 0 runs, 0 hits, 0 errors, 2 left on base; Los Angeles 11 - Chicago 8
TOP OF THE 9TH
Los Angeles Dodgers batting - Pitching for Chicago Cubs : RHP Shikato Ueda
Pitching: LHP Dave Dravecky
Batting: RHB Dick Davis 0-0: Swinging Strike
0-1: Swinging Strike
0-2: Reached on error, E5 (Groundball, 5D, EV 101.9 MPH)
Batting: RHB Barry Evans 0-0: Called Strike
0-1: Foul Ball, location: 2F
0-2: Ball
1-2: SINGLE (Line Drive, 4D, EV 106.3 MPH)
Dick Davis to second
Runner from 2nd tries for 3rd, SAFE, throw by CF made to third
Batting: LHB Darren Daulton 0-0: Ball
1-0: Swinging Strike
1-1: Ball
2-1: Foul Ball, location: 2F
2-2: DOUBLE (Line Drive, 5D, EV 100.0 MPH)
Dick Davis scores
Barry Evans to third
Runner from 3rd tries for Home, SAFE, throw by LF to trailing runner, SAFE at third!
Batting: SHB Spike Owen 0-0: Called Strike
0-1: Ball
1-1: Swinging Strike
1-2: Ball
2-2: Ground out 4-3 (Groundball, 34, EV 99.4 MPH)
Darren Daulton scores
Batting: RHB Roberto Reyes 0-0: Foul Ball, location: 2F
0-1: Ball
1-1: Ball
2-1: Ground out U3 (Groundball, 34, EV 81.3 MPH)
Pinch Hitting: RHB Thomas Franklin 0-0: Called Strike
0-1: Ball
1-1: Ball
2-1: Foul Ball, location: 2F
2-2: Ball
3-2: SINGLE (Groundball, 6D, EV 95.0 MPH)
Batting: RHB Billy Sample 0-0: Ball
1-0: Foul Ball, location: 2F
1-1: Foul Ball, location: 2F
1-2: Ball
2-2: Fly out, F8 (Flyball, 78M, EV 84.4 MPH)
Top of the 9th over - 3 runs, 3 hits, 1 error, 1 left on base; Los Angeles 14 - Chicago 8
BOTTOM OF THE 9TH
Chicago Cubs batting - Pitching for Los Angeles Dodgers : RHP David Garcia
Pitching: RHP Steve Foucault
Batting: RHB Lonnie Smith 0-0: Ball
1-0: DOUBLE (Groundball, 5L, EV 108.8 MPH)
Batting: RHB Jim Rice 0-0: Called Strike
0-1: Ground out 4-3 (Groundball, 4M, EV 93.8 MPH)
Lonnie Smith to third
Batting: SHB Roy Smalley 0-0: Ball
1-0: DOUBLE (Line Drive, 9LS, EV 102.5 MPH)
Lonnie Smith scores
Batting: LHB Gerald Perry 0-0: Called Strike
0-1: Ball
1-1: Foul Ball, location: 2F
1-2: Foul Ball, location: 2F
1-2: Strikes out swinging
Batting: RHB Randy Ready 0-0: Swinging Strike
0-1: SINGLE (Flyball, 3D, EV 91.9 MPH)
Roy Smalley to third
Batting: RHB Marty Castillo 0-0: Fielders Choice at 2nd, 6-4 (Groundball, 6, EV 88.8 MPH)
Bottom of the 9th over - 1 run, 3 hits, 0 errors, 2 left on base; Los Angeles 14 - Chicago 9
Monday, August 24th, 2020 - OOTP Baseball 21.5 Build 76